 Dungeon Crawl Stone Soup version 0.27-a0-797-g27d10ad80f (webtiles) character file.

Game seed: 15246635223830055437

0 polve the Skirmisher (level 1, -6/18 HPs)
             Began as a Demonspawn Abyssal Knight on Mar 27, 2021.
             Was a Follower of Lugonu.
             Killed from afar by a white imp (9 damage)
             ... with a puff of frost
             ... on level 1 of the Abyss.
             The game lasted 00:00:11 (113 turns).

polve the Skirmisher (Demonspawn Abyssal Knight)     Turns: 113, Time: 00:00:11

Health: -6/18      AC:  3    Str: 12    XL:     1   Next: 0%
Magic:  2/2        EV: 11    Int: 13    God:    Lugonu [*.....]
Gold:   14         SH:  0    Dex: 12    Spells: 0/0 levels left

rFire    . . .     SeeInvis .   a - +1 falchion
rCold    . . .     Faith    .   (no shield)
rNeg     . . .     Spirit   .   b - +0 leather armour
rPois    .         Reflect  .   (no helmet)
rElec    .         Harm     .   (no cloak)
rCorr    .         Rampage  .   (no gloves)
Will     .....                  (no boots)
Stlth    +.........             (no amulet)
HPRegen  0.06/turn              (no ring)
MPRegen  0.08/turn              (no ring)

@: no status effects
A: no striking features
a: Renounce Religion, Depart the Abyss


You were on level 1 of the Abyss.
You worshipped Lugonu.
Lugonu was aware of your devotion.
You visited 0 branches of the dungeon, and saw 0 of its levels.
You visited the Abyss 1 time.

You collected 14 gold pieces.

Inventory:

Hand Weapons
 a - a +1 falchion (weapon)
Armour
 b - a +0 leather armour (worn)
Scrolls
 c - a scroll of fog {unknown}


   Skills:
 - Level 3.0 Fighting
 + Level 1.7 Long Blades
 - Level 1.7 Armour
 - Level 0.8 Dodging
 - Level 2.4 Invocations


You couldn't memorise any spells.
You didn't know any spells.
Your spell library was empty.

Dungeon Overview and Level Annotations

Branches:
Dungeon (0/15)

Altars:


Message History

Welcome, polve the Demonspawn Abyssal Knight.
The bosom of this dungeon contains the transcendent artefact, the Orb of Zot.
Lugonu says: Depart the Abyss and spread corruption, my servant! (use the ability menu to exit the Abyss) Press ? for a list of commands and other information.
Found a scroll labelled QYEGOEGEPP.
Found a corrupted altar of Lugonu.
Found a gateway leading out of the Abyss.
c - a scroll labelled QYEGOEGEPP
Found a scale mail.
Key pressed, stopping explore.
Key pressed, stopping explore.
A white imp comes into view.
A white imp is nearby!
A white imp is nearby!
A white imp is nearby!
A white imp is nearby!
A white imp is nearby!
A thrashing horror comes into view.
You now have 14 gold pieces.
The white imp shouts!
The white imp hits you but does no damage.
You hit the white imp but do no damage. The white imp hits you.
The white imp freezes you.
You hit the white imp.
The white imp is heavily wounded.
The white imp barely misses you.
You hit the white imp but do no damage.
The white imp is heavily wounded.
The white imp hits you. The white imp freezes you.
* * * LOW HITPOINT WARNING * * *
The white imp misses you.
You riposte.
You barely miss the white imp.
The white imp is heavily wounded.
You hit the white imp.
The white imp is almost dead.
The white imp gestures at you. The puff of frost hits you!
Ouch! That really hurt!
You die...

#....## # . # # ##
## ..#.## ...# .
#..###. #....### .
..#
#..#..#.#.#.#.# .
..#
###.#..#........#
. #.
##...###.#...##..#
. #.... .....##
.... .#. ##
.#..#..#.#.##
.....# .. .#.
..##.@.#.#... #.
#. # ...
#..##5...##
...#....# . .. #.
#..###..## #. ..##
# .##. ..###....
.#... ..# . . #.#.
. #...#.. .#. .#
.# . #..
....#...#. #.
.#.#...# #. # ..#.
#..## ## . . .##
## 5.#


You could see a white imp.

Vanquished Creatures (others)
  3 demonic plants (Abyss:1)
3 creatures vanquished.

Notes
Turn   | Place    | Note
-------+----------+-------------------------------------------
     0 | Abyss:1  | polve the Demonspawn Abyssal Knight began the quest for the
                  | Orb.
     0 | Abyss:1  | Reached XP level 1. HP: 18/18 MP: 2/2
    97 | Abyss:1  | Noticed a thrashing horror
   113 | Abyss:1  | Killed from afar by a white imp

Illustrated notes

Levels and vault maps discovered:
Abyss:1:  base: Temple, base: Temple, evilmike_abyss_exit_plants

Action                   || total
-------------------------++-------
Melee: Falchion          ||     4
Armor: Leather armour    ||     1
Dodge: Dodged            ||     2
       Rpst.: Falchion   ||     1

Table legend: (Time is in decaauts)
 A = Elapsed time spent in this place.
 B = Non-inter-level travel time spent in this place.
 C = Inter-level travel time spent in this place.
 D = Time resting spent in this place.
 E = Time spent auto-exploring this place.
 F = Levels seen in this place.
 G = Mean time per level.
                   A        B        C        D        E       F      G
               +--------+--------+--------+--------+--------+-----+--------+
         Total |    113 |    113 |      0 |      0 |     94 |   1 |  113.0 |
         Abyss |    113 |    113 |      0 |      0 |     94 |   1 |  113.0 |
               +--------+--------+--------+--------+--------+-----+--------+

Top non-repeatable levels by time:
 Abyss:1: 113 daAuts
